Match 45933065
Unlisted

Match 45933065
End
Construct Infanterie Kompanie
Selects Breakthrough Battlegroup
MG 42 Machine Gun Team
Grenadier Squad
GrW 34 Mortar Team
Grenadier Squad
Selects Assault Grenadiers
Construct Panzergrenadier Kompanie
Infanterie Officer Quarters
251 Medium Carrier
AndradeOrti
(MKH) VENI VIDI VICI
eupeup
Don Pitudo
SANTO
mitrii26rus
0
0

Comments sign in to comment!

No comments posted yet!